 Dungeon Sprint DCSS version 0.23-b1-70-gd12f7cf (webtiles) character file.

Game seed: 7869854393365697559

173 poirepourri the Unseen (level 5, 0/23 (24) HPs)
             Began as a Spriggan Enchanter on Feb 6, 2019.
             Slain by a necrophage (8 damage)
             ... in the Dungeon (Sprint II: "The Violet Keep of Menkaure").
             The game lasted 00:00:18 (30 turns).

poirepourri the Unseen (Spriggan Enchanter)           Turns: 30, Time: 00:00:19

HP:   0/23 (24)     AC:  2    Str:  4    XL:     5   Next: 28%
MP:   9/10          EV: 18    Int: 16    God:
Gold: 0             SH:  0    Dex: 18    Spells: 8/9 levels left

rFire    . . .     SeeInvis +   a - +1 dagger
rCold    . . .     Gourm    .   (shield restricted)
rNeg     . . .     Faith    .   b - +0 robe
rPois    .         Spirit   .   (helmet restricted)
rElec    .         Reflect  .   (no cloak)
rCorr    .         Harm     .   (gloves unavailable)
MR       .....     NoTele   +   (boots unavailable)
Stlth    ++++++....             (no amulet)
HPRegen  0.07/turn              (no ring)
MPRegen  0.12/turn              (no ring)

@: berserk cooldown, slowed, quick
A: very small, unfitting armour, see invisible, herbivore, speed 3, slow
metabolism 2
a: no special abilities


You were in the Dungeon.
You were not hungry.

You visited 1 branch

Inventory:

Hand Weapons
 a - a +1 dagger (weapon)
Armour
 b - a +0 robe (worn)
Scrolls
 j - a scroll of blinking
Potions
 e - a potion of curing
 g - a potion of haste
 h - 2 potions of magic
Comestibles
 d - a ration


   Skills:
 - Level 1.1 Short Blades
 - Level 3.0 Dodging
 + Level 16.1 Stealth
 - Level 2.6 Spellcasting
 - Level 3.6 Hexes


You had 8 spell levels left.
You knew the following spells:

 Your Spells              Type           Power        Failure   Level  Hunger
a - Corona                Hex            ##.....      4%          1    #......

Your spell library contained the following spells:

 Spells                   Type           Power        Failure   Level  Hunger
 Confuse                  Hex            ##......     13%         3    ###....
 Tukima's Dance           Hex            ##......     13%         3    ###....
 Ensorcelled Hibernation  Hex/Ice        #.....       14%         2    ##.....
 Dazzling Spray           Conj/Hex       #.....       28%         3    ###....


Dungeon Overview and Level Annotations

Branches:
Dungeon (1/1)

Altars:


Innate Abilities, Weirdness & Mutations

You are very small and have problems with some larger weapons.
You are too small for most types of armour.
You have supernaturally acute eyesight. (SInv)
You are a herbivore.
You cover ground extremely quickly.
You need to consume almost no food.


Message History

The necrophage closely misses you.
Unknown command.
There is a staircase leading out of the dungeon here.
You feel much better. The necrophage hits you.
Casting: Corona (safe; 4% risk of failure)
Confirm with . or Enter, or press ? or * to list all spells.
Aiming: Corona (safe; 4% risk of failure)
Press: ? - help, Shift-Dir - straight line, f - necrophage
Aim: a necrophage (severely damaged, chance to defeat MR: 32%)
The necrophage is outlined in light.
The necrophage hits you.
The necrophage misses you. x2; The necrophage hits you.
You hit the necrophage but do no damage.
The necrophage is severely damaged.
The necrophage hits you.
You feel your flesh rotting away! The necrophage hits you.
You hit the necrophage.
The necrophage is almost destroyed.
The necrophage barely misses you. The necrophage hits you!
You die...

## ##
##. .##
.. ..
.#. #
#†# 3#
##n##3#
+.n@+$#
##.##.3#
#+# 3# #


You could see 2 necrophages.

Vanquished Creatures
  2 necrophages (D)
2 creatures vanquished.

Notes
Turn   | Place    | Note
-------+----------+-------------------------------------------
     0 | D        | poirepourri the Spriggan Enchanter began the quest for the
                  | Orb.
     0 | D        | Reached XP level 1. HP: 9/9 MP: 5/5
     1 | D        | Noticed a neqoxec
     1 | D        | Noticed a neqoxec
     1 | D        | Noticed a neqoxec
     1 | D        | Noticed a neqoxec
     4 | D        | Noticed a necrophage
     4 | D        | Noticed a necrophage
     4 | D        | Noticed a necrophage
     4 | D        | Noticed a necrophage
    11 | D        | Killed a necrophage
    11 | D        | Reached skill level 13 in Stealth
    11 | D        | Reached XP level 2. HP: 6/11 MP: 6/6
    11 | D        | Reached XP level 3. HP: 9/14 MP: 8/8
    11 | D        | Reached XP level 4. HP: 12/19 MP: 9/9
    18 | D        | Killed a necrophage
    18 | D        | Reached skill level 16 in Stealth
    18 | D        | Reached XP level 5. HP: 13/22 MP: 10/10
    30 | D        | Slain by a necrophage

Skill      XL: |  1  2  3  4 |
---------------+-------------+-----
Stealth        | 13 16 | 16.1
Short Blades   | |  1.1
Dodging        | |  3.0
Spellcasting   | |  2.6
Hexes          | |  3.6

Action                   |  1- 3 |  4- 6 || total
-------------------------+-------+-------++-------
Melee: Dagger            |     5 |    15 ||    20
 Cast: Corona            |       |     1 ||     1
  Use: Potion            |     1 |     1 ||     2
Dodge: Dodged            |     2 |    10 ||    12
